 Dungeon Crawl Stone Soup version 0.31-b1-22-gc680215f68 (webtiles) character file.

Game seed: 1528699078255677099

37849 Ruich the Bludgeoner (level 13, 0/127 HPs)
             Began as a Minotaur Berserker on Jan 19, 2024.
             Was a High Priest of Trog.
             Killed by divine providence
             ... invoked by an orc priest
              (17 damage)
             ... on level 1 of the Orcish Mines.
             The game lasted 01:00:20 (15147 turns).

Ruich the Bludgeoner (Minotaur Berserker)          Turns: 15147, Time: 01:00:21

Health: 0/127      AC: 15    Str: 29    XL:     13   Next: 60%
Magic:  12/12      EV: 11    Int:  7    God:    Trog [*****.]
Gold:   914        SH:  0    Dex: 13    Spells: 12/12 levels left

rFire   + . .        g - +9 eveningstar (drain)
rCold   . . .        H - +0 kite shield
rNeg    + . .        Q - +0 swamp dragon scales
rPois   +            x - +1 hat {SInv}
rElec   .            (no cloak)
rCorr   .            V - +0 pair of gloves
SInv    +            w - +1 pair of boots
Will    .....        y - amulet of reflection Stlth
                     h - ring of protection from fire
HPRegen 0.41/turn    n - ring "Tuukel" {rPois rN+ Str+2 Int+3 Dex+3}
MPRegen 0.13/turn

%: reflection
@: confused
A: horns 2, retaliatory headbutt
a: Renounce Religion, Berserk, Trog's Hand, Brothers in Arms


You were on level 1 of the Orcish Mines.
You worshipped Trog.
Trog was extremely pleased with you.
You visited 3 branches of the dungeon, and saw 15 of its levels.
You also visited: Bailey and Volcano.

You collected 1024 gold pieces.
You spent 110 gold pieces at shops.

Inventory:

Hand Weapons
 g - a +9 eveningstar of draining (weapon)
 t - a +2 arbalest of flaming
Missiles
 f - 29 poisoned darts
 k - 6 throwing nets
Armour
 w - a +1 pair of boots (worn)
 x - a +1 hat of see invisible (worn)
 H - a +0 kite shield (worn)
 Q - +0 swamp dragon scales (worn)
 V - a +0 pair of gloves (worn)
Jewellery
 a - a +6 ring of strength
 d - a ring of see invisible
 h - a ring of protection from fire (left hand)
 n - the ring "Tuukel" (right hand) {rPois rN+ Str+2 Int+3 Dex+3}
   (You acquired it on level 6 of the Dungeon)

   [ring of poison resistance]

   Str+2:     It affects your strength (+2).
   Int+3:     It affects your intelligence (+3).
   Dex+3:     It affects your dexterity (+3).
   rPois:     It protects you from poison rN+: It protects you from negative
   energy.
 y - an amulet of reflection (around neck)
 P - a ring of protection from fire
 T - a ring of protection from cold
Talismans
 q - a storm talisman
Wands
 v - a wand of polymorph (18)
 D - a wand of paralysis (9)
 E - a wand of flame (46)
 Z - a wand of light (7)
Scrolls
 c - 7 scrolls of blinking
 i - 2 scrolls of poison
 p - 3 scrolls of vulnerability
 r - 10 scrolls of teleportation
 B - 4 scrolls of fear
 J - 3 scrolls of fog
 M - 2 scrolls of immolation
 U - 2 scrolls of enchant armour
 W - 2 scrolls of revelation
Potions
 b - 2 potions of berserk rage
 j - 7 potions of curing
 l - 2 potions of haste
 m - 5 potions of heal wounds
 o - 2 potions of lignification
 s - a potion of might
 u - 2 potions of attraction (quivered)
 A - 3 potions of magic
 F - 3 potions of invisibility
 G - 3 potions of cancellation
 O - 4 potions of mutation
Miscellaneous
 R - a sack of spiders


   Skills:
 + Level 15.2 Fighting
 - Level 1.2(1.4) Short Blades
 - Level 1.0(1.4) Long Blades
 + Level 18.4 Maces & Flails
 - Level 1.1 Polearms
 + Level 10.8 Armour
 - Level 2.2 Dodging
 + Level 11.0 Shields
 - Level 0.8 Invocations
 - Level 0.7 Evocations
 - Level 0.4 Shapeshifting


You had 12 spell levels left.
You didn't know any spells.
Your spell library was empty.

Dungeon Overview and Level Annotations

Branches:
Dungeon (10/15)            Temple (0/1) D:5            Lair (4/5) D:9
  Swamp (0/4) Lair:2        Snake (0/4) Lair:2          Orc (1/2) D:10
 Bailey (visited)         Volcano (visited)
  Slime: Lair:4-5

Altars:
Ashenzari
Fedhas
Kikubaaqudgha
Okawaru
Ru
Sif Muna
Wu Jian
Xom
Yredelemnul
Jiyva

Shops:
D:4 (   D:6 ?

Annotations:
D:4 1 runed translucent door, Whoops's ghost, amateur OnFi
Lair:3 exclusion: oklob plant
Lair:4 2 transporters, exclusion: oklob plant, runemage's ghost, journeyman GnFi


Innate Abilities, Weirdness & Mutations

You have a pair of horns on your head.
You reflexively headbutt those who attack you in melee.


Message History

The orc warrior hits you with a +0 scimitar.
The orc warrior barely misses you. The troll barely misses you.
The troll claws you. The troll claws you!
The orc wizard hits you with a +0 dagger.
The orc priest miscasts a cantrip.
The orc wizard hits you but does no damage.
A troll comes into view.
Unknown command.
The orc knight shoots a bolt.
The bolt hits you!
* * * LOW HITPOINT WARNING * * *
The orc warrior hits you but does no damage.
The orc wizard barely misses you.
The orc wizard hits you but does no damage.
The orc hits you from afar with a +0 trident.
* * * LOW HITPOINT WARNING * * *
The orc priest looks braver for a moment.
The orc barely misses you.
The orc priest invokes the aid of Beogh against you.
Beogh smites you!
* * * LOW HITPOINT WARNING * * *
The orc wizard mumbles some strange words.
The orc wizard flickers and vanishes for a moment.
The orc warrior hits you from afar with a +0 trident.
* * * LOW HITPOINT WARNING * * *
The troll misses you. The troll closely misses you.
The troll claws you but does no damage.
The orc wizard hits you with a +0 dagger.
* * * LOW HITPOINT WARNING * * *
In your confused state, you trip and fall back down the stairs.
* * * LOW HITPOINT WARNING * * *
The orc shouts!
The orc warrior unwields a +0 orcbow.
The orc warrior wields a +0 war axe.
The orc warrior completely misses you.
The orc knight shoots a bolt.
The bolt hits you but does no damage.
An orc wizard comes into view. It is wielding a +0 dagger.
The orc hits you from afar with a +0 trident.
* * * LOW HITPOINT WARNING * * *
The orc priest mumbles some strange prayers to Beogh against you.
Beogh smites you!
You die...

..o..^.........
...............
....T.........o
..#o...........
.$.......#.o..o
.......o....o.o
......oooo.....
.....ooooo.....
......o@.oo....
#..#...oTo.....
# #....oo......
#..........#.
##.##....### ##
######


You could see an orc knight, 2 trolls, 6 orc warriors, 4 orc priests, 7 orc
wizards and 5 orcs.

Vanquished Creatures
  Gastronok (Lair:2)
  Fannar (Lair:1)
  2 hydras
  Erica (Lair:1)
  A boulder beetle (D:8)
  4 death yaks
  Nergalle (Lair:1)
  Pikel (D:7)
  An orc knight (Bailey)
  An ugly thing (D:10)
  9 elephants
  Joseph (D:7)
  6 molten gargoyles (Volcano)
  Maggie (D:7)
  8 cane toads
  9 komodo dragons
  A rime drake (Lair:3)
  3 efreet (Volcano)
  2 trolls (D:10)
  A hornet (D:8)
  A tarantella (shapeshifter) (D:10)
  A tyrant leech (Lair:2)
  5 polar bears
  8 blink frogs
  3 wyverns
  28 yaks
  A fire elemental (Volcano)
  A basilisk (Lair:4)
  A steam dragon (D:8)
  7 nagas (Lair:2)
  11 water moccasins
  An acid dragon (D:10)
  6 swamp worms
  Duvessa (D:7)
  8 orc warriors
  2 sky beasts
  8 black bears
  6 centaurs
  2 ogres
  21 wolves
  3 lemures (D:7)
  3 kobold brigands
  12 bullfrogs
  2 gnoll sergeants
  A scorpion (D:6)
  3 wights (D:8)
  Dowan (D:7)
  15 killer bees
  11 howler monkeys
  4 orc priests
  A bombardier beetle (D:4)
  Crazy Yiuf (D:3)
  3 gnoll boudas
  4 hounds
  A jelly (D:6)
  Ijyb (D:5)
  An iguana (D:5)
  6 orc wizards
  Robin (D:3)
  20 gnolls
  3 adders
  2 ufetubi (D:4)
  50 orcs
  4 endoplasms
  2 giant cockroaches
  9 goblins
  5 hobgoblins
  2 jackals (D:4)
  15 kobolds
  2 quokkas (D:1)
  9 ball pythons
  2 bats
  A frilled lizard (D:1)
  4 rats
381 creatures vanquished.

Vanquished Creatures (collateral kills)
  3 orc warriors (Bailey)
  2 orcs (Bailey)
5 creatures vanquished.

Grand Total: 386 creatures vanquished

Notes
Turn   | Place    | Note
-------+----------+-------------------------------------------
     0 | D:1      | Ruich the Minotaur Berserker began the quest for the Orb.
     0 | D:1      | Reached XP level 1. HP: 19/19 MP: 0/0
   142 | D:1      | Reached skill level 4 in Maces & Flails
   174 | D:1      | Reached XP level 2. HP: 27/27 MP: 1/1
   285 | D:1      | Found a faded altar of an unknown god.
   627 | D:2      | Found a sacrificial altar of Ru.
   726 | D:2      | Reached ** piety under Trog
   735 | D:2      | Reached XP level 3. HP: 33/33 MP: 2/2
   842 | D:2      | You fall into a shaft and drop 2 floors!
   908 | D:3      | Noticed Robin
   916 | D:3      | Killed Robin
   917 | D:3      | Reached skill level 5 in Maces & Flails
  1122 | D:3      | Noticed an ogre
  1128 | D:3      | Killed an ogre
  1129 | D:3      | Reached skill level 6 in Maces & Flails
  1129 | D:3      | Reached XP level 4. HP: 41/41 MP: 3/3
  1129 | D:3      | Reached XP level 5. HP: 47/47 MP: 4/4
  1151 | D:3      | Found a runed translucent door.
  1152 | D:3      | Noticed Crazy Yiuf
  1595 | D:3      | Found an ornate altar of the Wu Jian Council.
  1803 | D:3      | Killed Crazy Yiuf
  2416 | D:4      | Reached skill level 7 in Maces & Flails
  2416 | D:4      | Reached XP level 6. HP: 54/55 MP: 5/5
  2486 | D:4      | Found Naunu's Antique Weapon Shoppe.
  2575 | D:4      | Reached skill level 5 in Fighting
  2602 | D:4      | Found a runed translucent door.
  2724 | D:4      | Noticed Whoops's ghost (amateur OnFi)
  3133 | D:5      | Entered Level 5 of the Dungeon
  3244 | D:5      | Reached skill level 8 in Maces & Flails
  3323 | D:5      | Reached XP level 7. HP: 49/62 MP: 6/6
  3402 | D:5      | Noticed Ijyb
  3412 | D:5      | Killed Ijyb
  3536 | D:5      | Reached skill level 9 in Maces & Flails
  3893 | D:5      | Found a staircase to the Ecumenical Temple.
  3947 | D:6      | Identified a scroll of acquirement
  3947 | D:6      | Acquired the ring "Tuukel" {rPois rN+ Str+2 Int+3 Dex+3}
  4130 | D:6      | Reached skill level 1 in Shields
  4170 | D:6      | Found Adeiblua's Magic Scroll Boutique.
  4175 | D:6      | Bought a scroll of fear for 44 gold pieces
  4175 | D:6      | Bought a scroll of identify for 22 gold pieces
  4175 | D:6      | Bought a scroll of fog for 44 gold pieces
  4326 | D:6      | Found an iron altar of Okawaru.
  4726 | D:7      | Noticed Dowan
  4728 | D:7      | Noticed Duvessa
  4735 | D:7      | Killed Duvessa
  4736 | D:7      | Reached skill level 10 in Maces & Flails
  4736 | D:7      | Reached XP level 8. HP: 71/71 MP: 7/7
  4737 | D:7      | Killed Dowan
  4804 | D:7      | Noticed Maggie
  4829 | D:7      | Killed Maggie
  5085 | D:7      | Reached *** piety under Trog
  5086 | D:7      | Reached skill level 11 in Maces & Flails
  5325 | D:7      | Noticed Joseph
  5358 | D:7      | Killed Joseph
  5359 | D:7      | Reached skill level 12 in Maces & Flails
  5359 | D:7      | Reached XP level 9. HP: 59/81 MP: 8/8
  5607 | D:7      | Reached skill level 5 in Shields
  5711 | D:7      | Noticed Pikel
  5744 | D:7      | Killed Pikel
  6210 | D:8      | Reached XP level 10. HP: 61/91 MP: 9/9
  6217 | D:8      | Reached **** piety under Trog
  6326 | D:8      | Found a basalt altar of Yredelemnul.
  6368 | D:8      | Noticed a boulder beetle
  6378 | D:8      | Killed a boulder beetle
  6379 | D:8      | Reached skill level 5 in Armour
  6531 | D:8      | Reached skill level 10 in Fighting
  7011 | D:8      | Found a shimmering altar of Xom.
  7086 | D:8      | Acquired a +2 eveningstar of draining
  7189 | D:8      | Found a sacrificial altar of Ru.
  7261 | D:9      | Found a flagged portal.
  7274 | D:9      | Reached skill level 10 in Shields
  7332 | D:9      | Found a staircase to the Lair.
  7484 | D:9      | Identified the +1 robe "Ereu" {Str+4}
  7533 | D:9      | Reached skill level 13 in Maces & Flails
  7612 | Bailey   | Entered a bailey
  7751 | Bailey   | Reached skill level 14 in Maces & Flails
  7751 | Bailey   | Reached XP level 11. HP: 99/99 MP: 10/10
  7881 | Bailey   | Noticed an orc knight
  7890 | Bailey   | Killed an orc knight
  8081 | D:9      | Found a broken altar of Ashenzari.
  8171 | D:10     | Entered Level 10 of the Dungeon
  8218 | D:10     | Reached skill level 15 in Maces & Flails
  8304 | D:10     | Found a staircase to the Orcish Mines.
  8513 | D:10     | Found an ancient bone altar of Kikubaaqudgha.
  8974 | D:10     | Noticed a cyan ugly thing
  8978 | D:10     | Killed a cyan ugly thing
  9419 | Lair:1   | Entered Level 1 of the Lair of Beasts
  9453 | Lair:1   | Reached skill level 16 in Maces & Flails
  9717 | Lair:1   | Reached skill level 17 in Maces & Flails
  9771 | Lair:1   | Noticed Nergalle
  9780 | Lair:1   | Killed Nergalle
  9792 | Lair:1   | Noticed Fannar
  9801 | Lair:1   | Killed Fannar
  9802 | Lair:1   | Reached XP level 12. HP: 106/108 MP: 11/11
 10048 | Lair:1   | Reached ***** piety under Trog
 10561 | Lair:2   | Noticed Erica
 10566 | Lair:2   | Noticed Gastronok
 10719 | Lair:1   | Reached skill level 18 in Maces & Flails
 10745 | Lair:1   | Killed Erica
 10790 | Lair:2   | Killed Gastronok
 10795 | Lair:2   | Acquired an amulet of reflection
 10885 | Lair:2   | Found a staircase to the Swamp.
 11238 | Lair:2   | Found a shimmering blue altar of Sif Muna.
 11389 | Lair:2   | Found a staircase to the Snake Pit.
 11756 | Lair:3   | Found a blossoming altar of Fedhas.
 11817 | Lair:3   | Reached skill level 10 in Armour
 11968 | Lair:3   | Reached XP level 13. HP: 124/124 MP: 12/12
 11984 | Lair:3   | Reached skill level 1 in Short Blades
 12017 | Lair:3   | Received a gift from Trog
 12018 | Lair:3   | Reached skill level 1 in Long Blades
 12018 | Lair:3   | Reached skill level 1 in Polearms
 12861 | Lair:4   | Noticed runemage's ghost (journeyman GnFi)
 12867 | Lair:4   | Found a transporter.
 12883 | Lair:4   | Found a transporter.
 12983 | Lair:4   | Found a dark tunnel.
 12992 | Volcano  | Entered a volcano
 13847 | Volcano  | Reached skill level 15 in Fighting
 14862 | Lair:4   | Found a viscous altar of Jiyva.
 15046 | Orc:1    | Entered Level 1 of the Orcish Mines
 15147 | Orc:1    | Killed from afar by an orc priest

Illustrated notes

Levels and vault maps discovered:
D:1:      psy_arrival_basics, layout_basic,
          chequers_ecumenical_altar_simple_redux
D:2:      layout_loops_ring, basic_altar
D:3:      layout_basic, nicolae_wu_jian_glorious_leap, hangedman_decor_riveting,
          minmay_misc_feat_columns, uniq_crazy_yiuf_cottage, uniq_robin
D:4:      layout_basic, ebering_ghost_sewer_d, serial_shops, shop
D:5:      layout_basic, minmay_temple_entry_statues, uniq_ijyb
D:6:      layout_loops_ring, mainiacjoe_overflow_brackets, serial_shops, shop,
          nicolae_elevator_lobby_plus, uniq_grinder
D:7:      layout_loops_cross, uniq_duvessa, uniq_pikel, uniq_maggie, uniq_joseph
D:8:      layout_basic, lemuel_doored_altar, mainiacjoe_overflow_boulevard,
          nicolae_ru_the_path_less_chosen, minmay_fractal_squares_diagonal_5
D:9:      layout_basic, marbit_many_paths, enter_bailey_5,
          minmay_misc_feat_roman, chequers_serial_rivers_micro_d
D:10:     wad_river_or_something, layout_basic, nicolae_overflow_hidden_temple,
          david_orc_2, minmay_fractal_squares_gapless_5
Lair:1:   beast_lair_carwin_large_3, layout_cave_pods,
          grunt_forest_small_clearings, worms_lemuel, uniq_fannar, uniq_nergalle
Lair:2:   layout_regular_city, minmay_swamp_entry_worms,
          minmay_snake_entry_guardpost_medium, basic_altar,
          infiniplex_staircase_pool, grunt_megastairs_3, uniq_erica,
          uniq_gastronok
Lair:3:   layout_chaotic_city, hangedman_tree_tricks
Lair:4:   layout_hall_layers, minmay_slime_entry_oklob_enclosed,
          enter_volcano_1, gammafunk_ghost_berserking_beasts,
          serial_bayou_crossing
Orc:1:    layout_caves, uniq_jorgrun

Skill      XL: |  1  2  3  4  5  6  7  8  9 10 11 12 13 |
---------------+----------------------------------------+-----
Maces & Flails | 4 6 7 8 10 12 14 17 18 | 18.4
Fighting       | 4 5 6 8 9 10 14 15 | 15.2
Shields        | 2 4 7 10 11 | 11.0
Armour         | 4 6 7 10 | 10.8
Short Blades   | 1 |  1.2
Long Blades    | 1 |  1.0
Polearms       | 1 |  1.1
Dodging        | |  2.2
Invocations    | |  0.8
Evocations     | |  0.7
Shapeshifting  | |  0.4

Action                     |  1- 3 |  4- 6 |  7- 9 | 10-12 | 13-15 || total
---------------------------+-------+-------+-------+-------+-------++-------
  Melee: Mace              |    31 |       |       |       |       ||    31
         Headbutt          |    11 |    15 |    56 |    79 |    30 ||   191
         Whip              |    46 |   111 |   266 |    83 |       ||   506
         Punch             |       |     4 |       |       |       ||     4
         Eveningstar       |       |       |       |   394 |   127 ||   521
 Invoke: Berserk           |     3 |     1 |     6 |     8 |     4 ||    22
         Brothers in Arms  |       |       |       |     4 |       ||     4
  Evoke: Wand              |       |       |       |       |     4 ||     4
    Use: Scroll            |       |    11 |     4 |    17 |       ||    32
         Potion            |       |       |     1 |     5 |     1 ||     7
   Stab: Sleeping          |       |       |     1 |       |       ||     1
 Armour: Animal skin       |    38 |    45 |     7 |       |       ||    90
         Ring mail         |       |       |    31 |       |       ||    31
         Swamp dragon scal |       |       |    43 |   232 |   156 ||   431
  Dodge: Dodged            |    52 |    86 |    75 |   210 |    47 ||   470
  Block: Kite shield       |       |       |    68 |   324 |    94 ||   486
         Reflection        |       |       |       |     3 |     4 ||     7
